 Dungeon Crawl Stone Soup version 0.31-a0-1603-gbec6b6ccbf (webtiles) character file.

Game seed: 12484235828834261594

21 Xavori the Trooper (level 3, -7/30 HPs)
             Began as a Djinni Chaos Knight on Jan 7, 2024.
             Was a Plaything of Xom.
             Mangled by an iron imp (8 damage)
             ... summoned by Xom
             ... on level 1 of the Dungeon.
             The game lasted 00:00:32 (657 turns).

Xavori the Trooper (Djinni Chaos Knight)             Turns: 657, Time: 00:00:33

Health: -7/30      AC:  5    Str: 11    XL:     3   Next: 5%
Gold:   25         EV: 12    Int: 13    God:    Xom [*.....] SH:  0 Dex: 14

rFire   + + .        a - +0 falchion (chaos)
rCold   x . .        (no shield)
rNeg    . . .        b - +2 leather armour
rPois   ∞            (no helmet)
rElec   .            (no cloak)
rCorr   .            (no gloves)
SInv    .            (boots unavailable)
Will    .....        (no amulet)
Stlth   +            (no ring)
HPRegen 0.25/turn    (no ring)
MPRegen 0.00/turn

%: infuse magic (-8 HP)
@: flying
A: sickness immunity, fire resistance 2, cold vulnerability 1, float, innate
caster, HP casting, extra vitality 1
a: Renounce Religion


You were on level 1 of the Dungeon.
You worshipped Xom.
You were a special plaything of Xom.
You visited 1 branch of the dungeon, and saw 1 of its levels.

You collected 25 gold pieces.

Inventory:

Hand Weapons
 a - a +0 falchion of chaos (weapon)
Armour
 b - a +2 leather armour (worn)
Scrolls
 c - a scroll of butterflies
 e - a scroll of summoning {unknown}
 h - a scroll of teleportation {unknown}
 i - a scroll of noise {unknown}
Potions
 d - a potion of attraction {unknown}
 f - a potion of haste {unknown}
 g - a potion of degeneration {unknown}


   Skills:
 + Level 3.1 Fighting
 + Level 2.8 Long Blades
 + Level 1.3 Armour
 + Level 2.4 Dodging
 * Level 0.8 Spellcasting
 * Level 0.8 Conjurations
 * Level 0.8 Hexes
   Level 0.0 Charms
 * Level 0.8 Summonings
 * Level 0.8 Necromancy
 * Level 0.8 Translocations
   Level 0.0 Transmutations
 * Level 0.8 Fire Magic
 * Level 0.8 Ice Magic
 * Level 0.8 Air Magic
 * Level 0.8 Earth Magic
 * Level 0.8 Alchemy


You knew the following spells:

 Your Spells              Type           Power      Damage    Failure   Level
a - Apportation           Tloc           4%         N/A       26%         1
Your spell library was empty.

Dungeon Overview and Level Annotations

Branches:
Dungeon (1/15)

Altars:


Innate Abilities, Weirdness & Mutations

You are immune to sickness and miasma.
You are immune to poison.
Your flesh is very heat resistant. (rF++)
You are vulnerable to cold. (rC-)
You float through the air rather than walking.
You learn spells naturally, not from books.
Your magical power is your life essence.
You have superior vitality. (+4 MHP)


Message History

The white imp is severely wounded.
The white imp gestures at you. The puff of frost hits you!
You feel a terrible chill!
Xom roars with laughter!
* * * LOW HITPOINT WARNING * * *
You hit the white imp.
The white imp is almost dead.
The white imp hits you but does no damage.
You hit the white imp.
You kill the white imp!
The white imp disappears in a puff of smoke!
You start resting.
HP restored.
You start waiting.
You hear Xom's maniacal laughter.
You hit the shadow imp but do no damage.
The shadow imp hits you but does no damage.
You closely miss the shadow imp. The iron imp hits you.
The shadow imp hits you.
You barely miss the shadow imp. The iron imp closely misses you.
The shadow imp gestures at you. Pain shoots through your body!
You closely miss the shadow imp. The iron imp hits you.
The shadow imp hits you.
You closely miss the shadow imp. The shadow imp hits you.
* * * LOW HITPOINT WARNING * * *
The iron imp barely misses you.
You closely miss the shadow imp.
The shadow imp hits you but does no damage.
The iron imp spits at you.
The iron imp hits you but does no damage.
You barely miss the shadow imp. The shadow imp completely misses you.
The iron imp hits you but does no damage.
The shadow imp misses you.
You completely miss the shadow imp. The iron imp hits you!
* * * LOW HITPOINT WARNING * * *
The shadow imp closely misses you.
You barely miss the shadow imp. The shadow imp barely misses you.
The iron imp hits you!
You die...

### #.#
#############.#
#.............#
#.###########.# #.#
#5# ## #.#
#######@# .# #.#
#.....#5# .# #>#
#.###.#.# .#
#.#####.#
#.#......# .#
#.......#
#.######.#
.########### #.#..#
.#.....#######.#..#
............Z....>#
.....÷.#######.#..#


You could see an iron imp (summoned) and a shadow imp (summoned).

Vanquished Creatures
  2 dart slugs (D:1)
  2 endoplasms (D:1)
  3 hobgoblins (D:1)
  A quokka (D:1)
  A ball python (D:1)
  5 frilled lizards (D:1)
  3 kobolds (D:1)
  2 rats (D:1)
19 creatures vanquished.

Vanquished Creatures (others)
  A hobgoblin zombie (D:1)
1 creature vanquished.

Grand Total: 20 creatures vanquished

Notes
Turn   | Place    | Note
-------+----------+-------------------------------------------
     0 | D:1      | Xavori the Djinni Chaos Knight began the quest for the Orb.
     0 | D:1      | Reached XP level 1. HP: 20/20 MP: 0/0
    61 | D:1      | XOM: divination: detect items
   169 | D:1      | Reached XP level 2. HP: 25/25 MP: 0/0
   192 | D:1      | XOM: silly message
   268 | D:1      | XOM: summons 1 hostile demon
   365 | D:1      | Reached XP level 3. HP: 27/30 MP: 0/0
   365 | D:1      | Learned a level 1 spell: Apportation
   499 | D:1      | XOM: summons 1 hostile demon
   648 | D:1      | XOM: summons 2 hostile demons
   656 | D:1      | HP: 1/30 [iron imp[Xom] (9)]
   657 | D:1      | Mangled by an iron imp

Illustrated notes

Levels and vault maps discovered:
D:1:      dpeg_arrival_pits, layout_basic

Action                     || total
---------------------------++-------
  Melee: Falchion          ||    78
         Punch             ||     1
   Stab: Sleeping          ||     1
 Armour: Leather armour    ||    50
  Dodge: Dodged            ||    39

Table legend: (Time is in decaauts)
 A = Elapsed time spent in this place.
 B = Non-inter-level travel time spent in this place.
 C = Inter-level travel time spent in this place.
 D = Time resting spent in this place.
 E = Time spent auto-exploring this place.
 F = Levels seen in this place.
 G = Mean time per level.
                   A        B        C        D        E       F      G
               +--------+--------+--------+--------+--------+-----+--------+
         Total |    669 |    669 |      0 |    131 |    379 |   1 |  669.0 |
       Dungeon |    669 |    669 |      0 |    131 |    379 |   1 |  669.0 |
               +--------+--------+--------+--------+--------+-----+--------+

Top non-repeatable levels by time:
     D:1: 669 daAuts
